 Dungeon Crawl Stone Soup version 0.28.0-43-g3370ac3207 (webtiles) character file.

Game seed: 14181663506463044715

70 Peloso the Skirmisher (level 4, -6/41 HPs)
             Began as a Minotaur Fighter on Mar 27, 2022.
             Mangled by an ogre
             ... wielding a +0 giant club
              (12 damage)
             ... on level 3 of the Dungeon.
             The game lasted 00:02:56 (1931 turns).

Peloso the Skirmisher (Minotaur Fighter)            Turns: 1931, Time: 00:02:56

Health: -6/41      AC:  7    Str: 20    XL:     4   Next: 3%
Magic:  3/3        EV:  9    Int:  5    God:
Gold:   125        SH:  5    Dex: 12    Spells: 3/3 levels left

rFire   . . .      SeeInvis .   a - +0 long sword
rCold   . . .      Faith    .   c - +0 buckler
rNeg    . . .      Spirit   .   b - +0 scale mail
rPois   .          Reflect  .   (helmet restricted)
rElec   .          Harm     .   (no cloak)
rCorr   .          Rampage  .   (no gloves)
Will    .....                   (no boots)
Stlth   ..........              (no amulet)
HPRegen 0.13/turn               (no ring)
MPRegen 0.08/turn               (no ring)

@: no status effects
A: horns 2, retaliatory headbutt
a: no special abilities


You were on level 3 of the Dungeon.
You visited 1 branch of the dungeon, and saw 3 of its levels.

You collected 125 gold pieces.

Inventory:

Hand Weapons
 a - a +0 long sword (weapon)
Armour
 b - a +0 scale mail (worn)
 c - a +0 buckler (worn)
Scrolls
 i - a scroll of enchant armour {unknown}
Potions
 d - a potion of might
 e - 2 potions of degeneration {unknown}
 f - a potion of heal wounds {unknown}
 g - a potion of brilliance {unknown}
 h - a potion of haste {unknown}


   Skills:
 + Level 4.7 Fighting
 + Level 3.2 Long Blades
 + Level 4.1 Armour
 + Level 0.3 Dodging
 + Level 4.0 Shields


You had 3 spell levels left.
You didn't know any spells.
Your spell library contained the following spells:

 Spells                   Type           Power      Damage    Failure   Level
 Animate Skeleton         Necr           0%         N/A       89%         1
 Apportation              Tloc           0%         N/A       89%         1
 Summon Small Mammal      Summ           0%         N/A       89%         1
 Static Discharge         Conj/Air       0%         N/A       96%         2
 Dispel Undead            Necr           0%         3d6       100%        4
 Sticky Flame             Conj/Fire      0%         2d3       100%        4


Dungeon Overview and Level Annotations

Branches:
Dungeon (3/15)

Altars:


Innate Abilities, Weirdness & Mutations

You have a pair of horns on your head.
You reflexively headbutt those who attack you in melee.


Message History

A rat is nearby!
A rat is nearby!
A rat is nearby!
The rat bites you. The rat barely misses you. You furiously retaliate!
You headbutt the rat.
You kill the rat!
Key pressed, stopping explore.
HP restored.
Found a stone staircase leading down.
A goblin comes into view. It is wielding a +0 dagger.
The goblin shouts!
Found a scroll labelled ISEABB YSELIT.
The goblin hits you but does no damage.
You hit the goblin.
The goblin is moderately wounded.
You block the goblin's attack.
You slash the goblin!
You kill the goblin!
You see here a +0 dagger.
i - a scroll labelled ISEABB YSELIT
Found a stone staircase leading down.
An ogre comes into view. It is wielding a +0 giant club.
The ogre shouts!
An ogre is nearby!
An ogre is nearby!
The ogre closely misses you.
You hit the ogre.
You headbutt the ogre, but do no damage.
The ogre is lightly wounded.
The ogre hits you with a +0 giant club!!
You completely miss the ogre. Your headbutt misses the ogre.
The ogre is lightly wounded.
The ogre hits you with a +0 giant club!
* * * LOW HITPOINT WARNING * * *
You barely miss the ogre. You headbutt the ogre.
The ogre is moderately wounded.
You slash the ogre! You headbutt the ogre!
The ogre is almost dead.
The ogre hits you with a +0 giant club!
You die...

..... #....
#.#.# #.#.#
#.#.#
#.###.#.#####.#
#.......>.....#
#####.#.######
#####.#@#
#.....#.O..#
#.########.#
#.# # ##.##
#...# ###...###
#.......#
#.......#####


You could see an ogre.

Vanquished Creatures
  2 adders (D:2)
  A dart slug (D:3)
  2 ball pythons (D:1)
  7 endoplasms
  A giant cockroach (D:2)
  8 goblins
  2 hobgoblins (D:1)
  A quokka (D:1)
  6 bats
  4 frilled lizards
  4 kobolds
  9 rats
47 creatures vanquished.

Vanquished Creatures (others)
  6 fungi (D:3)
  6 plants (D:3)
12 creatures vanquished.

Grand Total: 59 creatures vanquished

Notes
Turn   | Place    | Note
-------+----------+-------------------------------------------
     0 | D:1      | Peloso the Minotaur Fighter began the quest for the Orb.
     0 | D:1      | Reached XP level 1. HP: 19/19 MP: 0/0
   273 | D:1      | Reached XP level 2. HP: 23/27 MP: 1/1
  1109 | D:2      | Reached XP level 3. HP: 34/34 MP: 2/2
  1857 | D:3      | Reached XP level 4. HP: 41/41 MP: 3/3
  1926 | D:3      | Noticed an ogre
  1931 | D:3      | Mangled by an ogre

Illustrated notes

Levels and vault maps discovered:
D:1:      scummos_arrival_forest, layout_basic
D:2:      layout_basic
D:3:      layout_loops_ring, dreamdust_ecumenical_altar_hidden_monk_grotto

Skill      XL: |  1  2  3 |
---------------+----------+-----
Fighting       | 4 |  4.7
Armour         | 4 |  4.1
Long Blades    | 3 |  3.2
Shields        | 4 |  4.0
Dodging        | |  0.3

Action                   |  1- 3 |  4- 6 || total
-------------------------+-------+-------++-------
Melee: Long sword        |    91 |     6 ||    97
       Headbutt          |    12 |     3 ||    15
Armor: Scale mail        |    52 |     1 ||    53
Dodge: Dodged            |    43 |     2 ||    45
Block: Buckler           |    15 |     1 ||    16
